 Dungeon Sprint DCSS version 0.28.0-47-ge53b351184 (webtiles) character file.

Game seed: 10052137274566925670

447138 browni3141 the Conqueror (level 20, -5/249 (256) HPs)
             Began as an Ogre Berserker on May 4, 2022.
             Was the Champion of Jiyva.
             Killed from afar by Antaeus (10 damage)
             ... with a flash freeze
             ... in the Dungeon (Sprint IX: "|||||||||||||||||||||||||||||").
             The game lasted 00:31:04 (10896 turns).

browni3141 the Conqueror (Ogre Berserker)          Turns: 10896, Time: 00:31:05

HP:   -5/249 (256)  AC: 36    Str: 34    XL:     20   Next: 63%
MP:   4/20          EV: 16    Int:  8    God:    Jiyva [******]
Gold: 1356          SH:  9    Dex:  8    Spells: 19/19 levels left

rFire   + + +      SeeInvis .   I - +9 giant spiked club (flame)
rCold   + + +      Faith    .   (shield currently unavailable)
rNeg    . . .      Spirit   .   L - +7 gold dragon scales {@f3}
rPois   +          Reflect  +   (helmet restricted)
rElec   +          Harm     .   v - scarf {rC+ rF+}
rCorr   +          Rampage  .   (gloves unavailable)
Will    +++..      NoTele   +   (boots unavailable)
Stlth   +.........              z - amulet of Giuna {Reflect *Corrode rPois rC+++ Str-2 SH+5}
HPRegen 2.11/turn               J - +4 ring of evasion
MPRegen 0.67/turn               p - ring of the Slashing Madman {rElec Will+}

@: flying (expiring), studying Staves, silenced, lightly drained
A: large, unfitting armour, tough skin 1, antennae 2, iridescent scales 1, large
bone plates 1, fire resistance 3, poison resistance, strong 2, engulf
}: 9/17 runes: decaying, serpentine, barnacled, slimy, elven, silver, golden,
abyssal, gossamer
a: Renounce Religion


You were in the Dungeon.
You worshipped Jiyva.
Jiyva was exalted by your worship.
You visited 1 branch You collected 1987 gold pieces.
You spent 631 gold pieces at shops.


Innate Abilities, Weirdness & Mutations

You are too large for most types of armour.
You have tough skin. (AC +1)
You have a pair of antennae on your head.
You are partially covered in iridescent scales. (AC +2)
You are partially covered in large bone plates. (SH +4)
Your flesh is almost immune to the effects of heat. (rF+++)
Your system is resistant to poisons. (rPois)
Your muscles are very strong. (Str +4)
Your melee attacks may engulf your foes in ooze.


   Skills:
 O Level 27 Fighting
 O Level 27 Maces & Flails
 O Level 27 Throwing
 O Level 27 Armour
 O Level 27 Dodging
 * Level 23.7 Stealth
 * Level 23.7 Evocations


You had 19 spell levels left.
You didn't know any spells.
Your spell library contained the following spells:

 Spells                   Type           Power      Damage    Failure   Level
 Hailstorm                Conj/Ice       0%         3d3       100%        4
 Ice Form                 Ice/Tmut       0%         N/A       100%        4
 Passage of Golubria      Tloc           0%         N/A       100%        4
 Silence                  Hex/Air        0%         N/A       100%        5
 Simulacrum               Ice/Necr       0%         N/A       100%        6
 Lehudib's Crystal Spear  Conj/Erth      0%         10d2      100%        8

Inventory:

Hand Weapons
 D - a +4 antimagic giant spiked club
 I - a +9 giant spiked club of flaming (weapon)
Missiles
 w - a curare-tipped dart (quivered) {@f4}
Armour
 b - a +0 animal skin
 l - a +0 cloak
 t - a +0 troll leather armour
 v - a scarf of resistance (worn)
 A - a +0 troll leather armour
 G - +1 ice dragon scales
 L - +7 gold dragon scales (worn) {@f3}
 N - a +0 cloak of willpower
Jewellery
 e - a +4 ring of evasion
 g - an amulet of regeneration
 m - a ring of willpower
 o - the ring "Cocsao" {rC+ rN+ MP-9 Int+5 Dex+3}
   (You found it in the Dungeon)

   [ring of dexterity]

   Int:       It affects your intelligence (+5).
   Dex:       It affects your dexterity (+3).
   rC:        It protects you from cold.
   rN:        It protects you from negative energy.
   MP:        It affects your magic capacity (-9).
 p - the ring of the Slashing Madman (right hand) {rElec Will+}
   (You found it in the Dungeon)

   [ring of willpower]

   rElec:     It insulates you from electricity.
   Will:      It increases your willpower.
 u - an amulet of reflection
 z - the amulet of Giuna (around neck) {Reflect *Corrode rPois rC+++ Str-2 SH+5}
   (You found it in the Dungeon)

   [amulet of reflection]

   It reflects blocked missile attacks.
   Str:       It affects your strength (-2).
   rC:        It renders you almost immune to cold.
   rPois:     It protects you from poison.
   *Corrode:  It may corrode you when you take damage.
   SH:        It affects your SH (+5).
 C - a ring of protection from cold
 E - a +2 ring of evasion
 H - the ring "Hosmegacs" {Contam Will+ Int+6}
   (You found it in the Dungeon)

   [ring of willpower]

   Int:       It affects your intelligence (+6).
   Contam:    It causes magical contamination when unequipped.
   Will:      It increases your willpower.
 J - a +4 ring of evasion (left hand)
 K - the ring "Fayvueh" {Wiz rElec Dex+4}
   (You found it in the Dungeon)

   [ring of wizardry]

   It improves your spell success rate.
   Dex:       It affects your dexterity (+4).
   rElec:     It insulates you from electricity.
 M - a ring of willpower
 O - a +2 ring of protection
 P - a ring of poison resistance {@f3}
 Z - a ring of wizardry
Wands
 j - a wand of iceblast (7)
 y - a wand of mindburst (8)
Scrolls
 a - 2 scrolls of amnesia
 i - 4 scrolls of blinking {@r3}
 q - 4 scrolls of fear
 r - 3 scrolls of identify {@r1}
 F - a scroll of fog {@r5}
Potions
 c - 2 potions of invisibility
 f - 4 potions of magic
 h - 9 potions of curing {@q1}
 k - 4 potions of brilliance
 x - a potion of ambrosia {unknown}
 B - 3 potions of mutation {!q}
Miscellaneous
 Q - the horn of Geryon

Dungeon Overview and Level Annotations

Branches:
Dungeon (1/1)

Altars:
Cheibriados
Dithmenos
Elyvilon
Fedhas
Gozag
Hepliaklqana
Kikubaaqudgha
Makhleb
Nemelex Xobeh
Okawaru
Qazlal
Ru
Sif Muna
Trog
Uskayaw
Vehumet
Wu Jian
Xom
Yredelemnul
Zin
The Shining One
Beogh
Jiyva
Lugonu

Shops:
D =([*

Annotations:
D Antaeus, Dispater, Ereshkigal, Lom Lobon, Royal Jelly ¦¦¦¦¦¦¦¦¦¦¦¦¦¦¦¦¦¦¦¦¦¦¦¦ { { (.φ1&&C@&??............. ¦¦¦¦¦¦¦¦¦¦¦¦¦¦¦¦¦¦¦¦¦¦¦¦¦¦¦¦¦¦¦¦¦ ................................. ¦¦¦¦¦¦¦¦¦¦¦¦¦¦¦¦¦¦¦¦¦¦¦¦¦¦¦¦¦¦¦¦¦ ....)......'.........'.........'. ¦¦¦¦¦¦¦¦¦¦¦¦¦¦¦¦¦¦¦¦¦¦¦¦¦¦¦¦¦¦¦¦¦ .......................{....{.... ¦¦¦¦¦¦¦¦¦¦¦¦¦¦¦¦¦¦¦¦¦¦¦¦¦¦¦¦¦¦¦¦¦ ..{..{.{{{{.{{{...{..............

You could see Antaeus (unsilenced, very poisoned, slow), Dispater (unsilenced), Lom Lobon (vortex, unsilenced), Ereshkigal (silencing, unsilenced), a Hell Sentinel (summoned, unsilenced) and 2 ball lightnings.


Message History

You crush Antaeus like a grape!!!! You burn Antaeus!!
Antaeus is almost dead.
Lom Lobon gestures.
A freezing vortex appears around Lom Lobon!
You bludgeon Antaeus!! You burn Antaeus!!
Antaeus is almost dead.
The freezing vortex lifts you up.
You fly up into the air.
* * * LOW HITPOINT WARNING * * *
Dispater gestures.
Lom Lobon hits you.
* * * LOW HITPOINT WARNING * * *
You feel your power leaking away. You block Antaeus's attack.
Antaeus misses you.
Unknown command.
You puncture Antaeus! You burn Antaeus.
Antaeus is almost dead.
* * * LOW HITPOINT WARNING * * *
Ereshkigal gestures.
Ereshkigal's surroundings become eerily quiet.
Unknown command.
You hit Antaeus but do no damage.
Antaeus is almost dead.
You are engulfed in whirling frost.
The ice encasing you melts away.
Ereshkigal calls on the powers of darkness!
Your body is wracked with pain!
* * * LOW HITPOINT WARNING * * *
Lom Lobon gestures.
Antaeus gestures at you. The flash freeze hits you! You partially resist.
You die...

Skill      XL: |  1  2  3  4  5  6  7  8  9 10 11 12 13 14 15 16 17 18 19 20 |
---------------+-------------------------------------------------------------+-----
Maces & Flails | 4 6 7 9 11 13 15 16 18 21 22 25 27 | 27.0
Fighting       | 5 7 8 10 11 13 15 16 18 21 24 27 | 27.0
Armour         | 2 4 7 11 12 15 19 24 27 | 27.0
Dodging        | 4 6 8 10 12 16 19 27 | 27.0
Throwing       | 10 16 19 24 27 | 27.0
Stealth        | 6 19 23 | 23.7
Evocations     | 6 19 23 | 23.7

Action                   |  1- 3 |  4- 6 |  7- 9 | 10-12 | 13-15 | 16-18 | 19-21 || total
-------------------------+-------+-------+-------+-------+-------+-------+-------++-------
Melee: Mace              |    31 |    22 |       |       |       |       |       ||    53
       Dire flail        |       |     3 |    31 |       |       |       |       ||    34
       Giant spiked club |       |       |     8 |   138 |    91 |   484 |   303 ||  1024
       Giant club        |       |       |       |    85 |   214 |       |       ||   299
Throw: Dart              |       |       |       |     1 |       |       |     2 ||     3
       Javelin           |       |       |       |       |    17 |    44 |    43 ||   104
Invok: Berserk           |     1 |     1 |     2 |     8 |     9 |       |       ||    21
       Trog's Hand       |     1 |       |     1 |     5 |    12 |       |       ||    19
       Brothers in Arms  |       |       |       |     1 |     5 |       |       ||     6
Evoke: Wand              |       |       |       |       |     9 |       |       ||     9
  Use: Potion            |     1 |       |     1 |       |     3 |     2 |    13 ||    20
       Scroll            |       |     1 |       |     1 |     4 |     8 |       ||    14
 Stab: Petrified         |       |       |       |     1 |       |       |       ||     1
       Distracted        |       |       |       |       |     1 |       |       ||     1
       Confused          |       |       |       |       |       |     1 |       ||     1
Armor: Animal skin       |    10 |     3 |     3 |       |       |       |       ||    16
       Troll leather arm |       |       |     2 |    29 |       |       |       ||    31
       Ice dragon scales |       |       |       |     8 |    47 |       |       ||    55
       Gold dragon scale |       |       |       |       |    57 |   177 |   109 ||   343
Dodge: Dodged            |    10 |    11 |    13 |    70 |   116 |   172 |    88 ||   480
Block: Other             |       |       |       |    33 |    52 |    95 |    74 ||   254
       Reflection        |       |       |       |       |     1 |       |       ||     1

Levels and vault maps discovered:
D:        linesprint [early_d, line_temple, items_1, d_10, items_2, lair_1,
          lair_end, items_3, orc_1, orc_end, items_4, d_15, swamp_1, shoals_1,
          snake_1, spider_1, d_20, vaults_1, items_5, swamp_end, shoals_end,
          snake_end, spider_end, vaults_end, d_27, items_6, zot_1, zot_end,
          crypt_end, forest_end, elf_end, slime_end, tomb_end, abyss_end,
          pan_hell_end]

Notes
Turn   | Place    | Note
-------+----------+-------------------------------------------
     0 | D        | browni3141 the Ogre Berserker began the quest for the Orb.
     0 | D        | Reached XP level 1. HP: 24/24 MP: 1/1
    12 | D        | Reached skill level 3 in Maces & Flails
    16 | D        | Reached ** piety under Trog
   190 | D        | Noticed a scorpion
   190 | D        | Noticed an ice beast
   190 | D        | Noticed a scorpion
   190 | D        | Noticed a scorpion
   202 | D        | Reached skill level 5 in Fighting
   202 | D        | Reached skill level 4 in Maces & Flails
   202 | D        | Reached XP level 2. HP: 23/35 MP: 2/2
   204 | D        | Killed a scorpion
   205 | D        | Reached skill level 7 in Fighting
   205 | D        | Reached skill level 6 in Maces & Flails
   205 | D        | Reached XP level 3. HP: 30/46 MP: 3/3
   205 | D        | Reached XP level 4. HP: 36/55 MP: 4/4
   206 | D        | Killed a scorpion
   206 | D        | Reached *** piety under Trog
   207 | D        | Reached skill level 8 in Fighting
   207 | D        | Reached skill level 7 in Maces & Flails
   207 | D        | Reached XP level 5. HP: 39/66 MP: 5/5
   213 | D        | Killed an ice beast
   213 | D        | HP: 3/66 [scorpion (6)]
   214 | D        | Reached skill level 10 in Fighting
   214 | D        | Reached skill level 9 in Maces & Flails
   214 | D        | Reached XP level 6. HP: 4/78 MP: 6/6
   529 | D        | Reached skill level 10 in Maces & Flails
   659 | D        | Found a snail-covered altar of Cheibriados.
   659 | D        | Found a shadowy altar of Dithmenos.
   659 | D        | Found a white marble altar of Elyvilon.
   659 | D        | Found a blossoming altar of Fedhas.
   659 | D        | Found an opulent altar of Gozag.
   660 | D        | Found a hazy altar of Hepliaklqana.
   661 | D        | Found a viscous altar of Jiyva.
   662 | D        | Found an ancient bone altar of Kikubaaqudgha.
   663 | D        | Found a corrupted altar of Lugonu.
   664 | D        | Found a burning altar of Makhleb.
   665 | D        | Found a sparkling altar of Nemelex Xobeh.
   666 | D        | Found an iron altar of Okawaru.
   667 | D        | Found a stormy altar of Qazlal.
   668 | D        | Found a sacrificial altar of Ru.
   669 | D        | Found a shimmering blue altar of Sif Muna.
   670 | D        | Found a bloodstained altar of Trog.
   671 | D        | Found a hide-covered altar of Uskayaw.
   672 | D        | Found a radiant altar of Vehumet.
   673 | D        | Found an ornate altar of the Wu Jian Council.
   674 | D        | Found a shimmering altar of Xom.
   675 | D        | Found a basalt altar of Yredelemnul.
   676 | D        | Found a glowing silver altar of Zin.
   677 | D        | Found a glowing golden altar of the Shining One.
   717 | D        | Noticed a troll
   717 | D        | Noticed a yak
   717 | D        | Noticed a troll
   721 | D        | Killed a troll
   722 | D        | Reached skill level 11 in Fighting
   722 | D        | Reached skill level 11 in Maces & Flails
   722 | D        | Reached XP level 7. HP: 89/89 MP: 7/7
   726 | D        | Reached **** piety under Trog
   727 | D        | Reached skill level 12 in Fighting
   727 | D        | Killed a yak
   728 | D        | Reached skill level 12 in Maces & Flails
   734 | D        | Killed a troll
   735 | D        | Reached skill level 13 in Fighting
   735 | D        | Reached skill level 13 in Maces & Flails
   735 | D        | Reached XP level 8. HP: 102/102 MP: 8/8
   736 | D        | Reached ***** piety under Trog
   830 | D        | Noticed a deep elf pyromancer
   830 | D        | Noticed a white ugly thing
   830 | D        | Noticed a seven-headed hydra
   830 | D        | Noticed a wraith
   830 | D        | Noticed a two-headed ogre
   836 | D        | Killed a two-headed ogre
   837 | D        | Reached skill level 14 in Fighting
   837 | D        | Reached skill level 14 in Maces & Flails
   837 | D        | Reached skill level 2 in Armour
   837 | D        | Reached skill level 4 in Dodging
   839 | D        | Killed a seven-headed hydra
   840 | D        | Reached skill level 15 in Fighting
   840 | D        | Reached skill level 15 in Maces & Flails
   840 | D        | Reached XP level 9. HP: 94/115 MP: 9/9
   845 | D        | Killed a white ugly thing
   853 | D        | Received a gift from Trog
   854 | D        | Reached skill level 16 in Fighting
   854 | D        | Reached skill level 16 in Maces & Flails
   860 | D        | Killed a deep elf pyromancer
  1022 | D        | Gained mutation: You are partially covered in large bone
                  | plates. (SH +4) [potion of mutation]
  1022 | D        | Gained mutation: You passively map a small area around you.
                  | [potion of mutation]
  1022 | D        | Gained mutation: You are somewhat resistant to further
                  | mutation. [potion of mutation]
  1040 | D        | Noticed a cane toad
  1043 | D        | Killed a cane toad
  1044 | D        | Reached XP level 10. HP: 130/130 MP: 3/10
  1056 | D        | Reached skill level 17 in Fighting
  1056 | D        | Reached skill level 3 in Armour
  1056 | D        | Received a gift from Trog
  1057 | D        | Reached skill level 17 in Maces & Flails
  1062 | D        | Reached skill level 5 in Dodging
  1115 | D        | Noticed a seven-headed hydra
  1117 | D        | Reached skill level 4 in Armour
  1117 | D        | Noticed a catoblepas
  1132 | D        | Killed a seven-headed hydra
  1133 | D        | Reached skill level 6 in Dodging
  1148 | D        | Noticed a cane toad
  1149 | D        | Killed a catoblepas
  1150 | D        | Reached skill level 18 in Fighting
  1150 | D        | Reached skill level 18 in Maces & Flails
  1150 | D        | Received a gift from Trog
  1165 | D        | Killed a cane toad
  1168 | D        | Reached XP level 11. HP: 77/143 MP: 3/11
  1250 | D        | Reached ****** piety under Trog
  1254 | D        | Reached skill level 19 in Fighting
  1254 | D        | Reached skill level 19 in Maces & Flails
  1450 | D        | Noticed Urug
  1456 | D        | Killed Urug
  1641 | D        | Noticed an orc high priest
  1646 | D        | Identified the +5 giant club of Ceppyg {vorpal, rElec rN+
                  | Str+4 Dex-5} (Trog gifted it to you in the Dungeon)
  1646 | D        | Received a gift from Trog
  1666 | D        | Killed an orc high priest
  1674 | D        | Received a gift from Trog
  1730 | D        | Noticed an orc knight
  1730 | D        | Noticed an orc sorcerer
  1738 | D        | Reached skill level 20 in Fighting
  1738 | D        | Reached skill level 20 in Maces & Flails
  1739 | D        | Noticed an orc knight
  1740 | D        | Killed an orc sorcerer
  1740 | D        | Received a gift from Trog
  1742 | D        | Killed an orc knight
  1743 | D        | Noticed an orc knight
  1768 | D        | Killed an orc knight
  1768 | D        | Received a gift from Trog
  1770 | D        | Killed an orc knight
  1888 | D        | Found Orhuass's General Store.
  1888 | D        | Noticed a deep troll
  1888 | D        | Noticed a deep troll
  1888 | D        | Noticed a deep troll
  1893 | D        | Killed a deep troll
  1894 | D        | Noticed a deep troll
  1896 | D        | Killed a deep troll
  1897 | D        | Reached skill level 21 in Fighting
  1897 | D        | Reached skill level 21 in Maces & Flails
  1897 | D        | Found Dufeper's Antique Armour Shop.
  1901 | D        | Killed a deep troll
  1902 | D        | Reached XP level 12. HP: 161/161 MP: 12/12
  1907 | D        | Found Yxiuske's Weapon Boutique.
  1908 | D        | Received a gift from Trog
  2105 | D        | Found Votysy's Jewellery Shop.
  2107 | D        | Noticed an ettin
  2110 | D        | Noticed an ogre mage
  2111 | D        | Killed an ettin
  2118 | D        | Reached skill level 22 in Fighting
  2118 | D        | Reached skill level 22 in Maces & Flails
  2118 | D        | Killed an ogre mage
  2119 | D        | Reached skill level 5 in Armour
  2119 | D        | Reached skill level 7 in Dodging
  2187 | D        | Bought an amulet of reflection for 360 gold pieces
  2198 | D        | Bought a potion of heal wounds for 55 gold pieces
  2200 | D        | Bought a glowing scarf for 216 gold pieces
  2200 | D        | Identified a scarf of resistance (You bought it in a shop
                  | in the Dungeon)
  2233 | D        | Noticed Sonja
  2260 | D        | Killed Sonja
  2260 | D        | Received a gift from Trog
  2261 | D        | Reached skill level 23 in Fighting
  2322 | D        | Noticed Joseph
  2342 | D        | Killed Joseph
  2541 | D        | Noticed a boulder beetle
  2541 | D        | Noticed a boulder beetle
  2548 | D        | Noticed a green very ugly thing
  2554 | D        | Noticed an ice dragon
  2562 | D        | Killed a purple very ugly thing
  2562 | D        | Received a gift from Trog
  2566 | D        | Reached skill level 6 in Armour
  2566 | D        | Noticed a deep troll shaman
  2571 | D        | Killed an ice dragon
  2572 | D        | Reached skill level 24 in Fighting
  2580 | D        | Killed a boulder beetle
  2585 | D        | Killed a boulder beetle
  2586 | D        | Reached skill level 7 in Armour
  2586 | D        | Reached skill level 8 in Dodging
  2586 | D        | Noticed a great orb of eyes
  2593 | D        | Killed a deep troll shaman
  2598 | D        | Killed a great orb of eyes
  2598 | D        | Received a gift from Trog
  2599 | D        | Reached XP level 13. HP: 61/179 MP: 13/13
  2916 | D        | Noticed a stone giant
  2916 | D        | Noticed a vampire knight
  2925 | D        | Killed a stone giant
  2926 | D        | Reached skill level 1 in Throwing
  2926 | D        | Reached skill level 8 in Armour
  2931 | D        | Killed a vampire knight
  2931 | D        | Received a gift from Trog
  2932 | D        | Reached skill level 25 in Fighting
  2932 | D        | Reached skill level 2 in Throwing
  3069 | D        | Noticed a bunyip
  3074 | D        | Reached skill level 3 in Throwing
  3075 | D        | Noticed a bunyip
  3079 | D        | Noticed an eleionoma
  3082 | D        | Reached skill level 4 in Throwing
  3082 | D        | Reached skill level 9 in Dodging
  3082 | D        | Noticed a bunyip
  3086 | D        | Reached skill level 9 in Armour
  3090 | D        | Reached skill level 5 in Throwing
  3093 | D        | Killed an eleionoma
  3093 | D        | Received a gift from Trog
  3095 | D        | Killed a bunyip
  3098 | D        | Killed a bunyip
  3099 | D        | Reached skill level 6 in Throwing
  3102 | D        | Killed a bunyip
  3232 | D        | Noticed a merfolk javelineer
  3242 | D        | Received a gift from Trog
  3245 | D        | Reached skill level 26 in Fighting
  3245 | D        | Reached skill level 7 in Throwing
  3245 | D        | Reached skill level 10 in Armour
  3252 | D        | Killed a merfolk javelineer
  3309 | D        | Noticed a spark wasp
  3309 | D        | Noticed an entropy weaver
  3315 | D        | Reached skill level 8 in Throwing
  3315 | D        | Reached skill level 10 in Dodging
  3318 | D        | Identified the +3 dire flail "Grim Lifebane" {vorpal, Drain
                  | rN+ rCorr Stlth+} (Trog gifted it to you in the Dungeon)
  3318 | D        | Received a gift from Trog
  3323 | D        | Killed an entropy weaver
  3324 | D        | Reached skill level 9 in Throwing
  3324 | D        | Reached skill level 11 in Armour
  3333 | D        | Killed a spark wasp
  3615 | D        | Received a gift from Trog
  3616 | D        | Reached skill level 27 in Fighting
  3626 | D        | Reached skill level 10 in Throwing
  3626 | D        | Reached XP level 14. HP: 198/198 MP: 14/14
  3633 | D        | Reached skill level 12 in Armour
  3636 | D        | Reached skill level 11 in Throwing
  3646 | D        | Identified the +4 dire flail of Ychahiw {flame, Str+4}
                  | (Trog gifted it to you in the Dungeon)
  3646 | D        | Received a gift from Trog
  3761 | D        | Noticed Saint Roka
  3769 | D        | Reached skill level 12 in Throwing
  3776 | D        | Killed Saint Roka
  3782 | D        | Received a gift from Trog
  3863 | D        | Noticed a stone giant
  3868 | D        | Killed a stone giant
  3869 | D        | Reached skill level 13 in Throwing
  3882 | D        | Noticed a fire giant
  3888 | D        | Reached skill level 14 in Throwing
  3888 | D        | Received a gift from Trog
  3889 | D        | Noticed a tengu reaver
  3895 | D        | Reached skill level 23 in Maces & Flails
  3899 | D        | Killed a fire giant
  3908 | D        | HP: 17/190 [rakshasa/+0 trident (6)]
  3911 | D        | Killed a tengu reaver
  3912 | D        | Reached skill level 15 in Throwing
  4324 | D        | Received a gift from Trog
  4334 | D        | Reached skill level 16 in Throwing
  4596 | D        | Noticed a dire elephant
  4600 | D        | Noticed an ironbound preserver
  4606 | D        | Received a gift from Trog
  4608 | D        | Killed an ironbound preserver
  4609 | D        | Reached skill level 24 in Maces & Flails
  4614 | D        | Killed a dire elephant
  4620 | D        | Noticed a dire elephant
  4622 | D        | Noticed an ironbound preserver
  4626 | D        | Identified the +7 dire flail of Lagu {antimagic, rElec rN+
                  | Int-2 Stlth+} (Trog gifted it to you in the Dungeon)
  4626 | D        | Received a gift from Trog
  4630 | D        | Noticed a green very ugly thing
  4633 | D        | Noticed an ironbound thunderhulk
  4634 | D        | Reached skill level 25 in Maces & Flails
  4647 | D        | HP: 12/198 [ironbound thunderhulk/bolt of lightning (37)]
  4650 | D        | Killed a dire elephant
  4651 | D        | Reached XP level 15. HP: 20/206 MP: 15/15
  4662 | D        | HP: 13/206 [ironbound thunderhulk/bolt of lightning (25)]
  4678 | D        | Received a gift from Trog
  4681 | D        | Reached skill level 26 in Maces & Flails
  4994 | D        | Noticed Jory
  5007 | D        | Killed Jory
  5007 | D        | Received a gift from Trog
  5834 | D        | Fell from the grace of Trog
  5834 | D        | Became a worshipper of Jiyva Judghabu the Shapeless
  6781 | D        | Reached * piety under Jiyva
  6782 | D        | Noticed Margery
  6792 | D        | Killed Margery
  6793 | D        | Reached skill level 27 in Maces & Flails
  6925 | D        | Noticed Xtahua
  6933 | D        | Killed Xtahua
  6953 | D        | Noticed Ilsuiw
  6962 | D        | Reached skill level 17 in Throwing
  6962 | D        | Reached skill level 13 in Armour
  6971 | D        | Reached skill level 11 in Dodging
  6999 | D        | Killed Ilsuiw
  7000 | D        | Reached skill level 18 in Throwing
  7000 | D        | Reached skill level 14 in Armour
  7002 | D        | Got a barnacled rune of Zot
  7565 | D        | Noticed an emperor scorpion
  7565 | D        | Noticed an emperor scorpion
  7565 | D        | Noticed an emperor scorpion
  7565 | D        | Noticed an emperor scorpion
  7569 | D        | Killed a ghost moth
  7570 | D        | Killed an emperor scorpion
  7571 | D        | Killed a ghost moth
  7572 | D        | Killed an emperor scorpion
  7572 | D        | Killed an emperor scorpion
  7573 | D        | Reached skill level 12 in Dodging
  7573 | D        | Killed an emperor scorpion
  7583 | D        | Killed a ghost moth
  7584 | D        | Reached skill level 19 in Throwing
  7584 | D        | Reached skill level 15 in Armour
  7599 | D        | Noticed an emperor scorpion
  7605 | D        | Killed an emperor scorpion
  7607 | D        | Got a gossamer rune of Zot
  7670 | D        | Reached XP level 16. HP: 217/217 MP: 16/16
  7697 | D        | Reached skill level 20 in Throwing
  7699 | D        | Reached skill level 13 in Dodging
  7700 | D        | Reached skill level 16 in Armour
  7705 | D        | Got a decaying rune of Zot
  7712 | D        | Noticed a nagaraja
  7712 | D        | Noticed a nagaraja
  7712 | D        | Noticed a nagaraja
  7712 | D        | Noticed a nagaraja
  7713 | D        | Noticed a nagaraja
  7716 | D        | Killed a nagaraja
  7720 | D        | Killed a nagaraja
  7727 | D        | Killed a nagaraja
  7728 | D        | Noticed a nagaraja
  7732 | D        | Killed a nagaraja
  7735 | D        | Killed a nagaraja
  7735 | D        | Noticed a nagaraja
  7736 | D        | Reached ** piety under Jiyva
  7792 | D        | Killed a nagaraja
  7797 | D        | Killed a nagaraja
  7798 | D        | Reached skill level 21 in Throwing
  7804 | D        | Reached skill level 17 in Armour
  7849 | D        | Got a serpentine rune of Zot
  7930 | D        | Noticed Agnes
  7939 | D        | Killed Agnes
  7967 | D        | Reached skill level 14 in Dodging
  8000 | D        | Reached skill level 22 in Throwing
  8006 | D        | Reached skill level 18 in Armour
  8075 | D        | Reached skill level 15 in Dodging
  8087 | D        | Reached skill level 23 in Throwing
  8110 | D        | Noticed a tengu reaver
  8116 | D        | Reached skill level 19 in Armour
  8119 | D        | Killed a tengu reaver
  8137 | D        | Noticed a shadow dragon
  8144 | D        | Noticed a shadow dragon
  8153 | D        | Reached skill level 24 in Throwing
  8155 | D        | Reached skill level 16 in Dodging
  8156 | D        | Reached XP level 17. HP: 109/226 MP: 17/17
  8157 | D        | Reached skill level 20 in Armour
  8230 | D        | Identified the +8 hunting sling of Gusyugob {flame, Str+4}
  8241 | D        | Noticed a tentacled monstrosity
  8252 | D        | Killed a tentacled monstrosity
  8263 | D        | Reached skill level 25 in Throwing
  8273 | D        | Noticed a Brimstone Fiend
  8317 | D        | Got a silver rune of Zot
  8376 | D        | Noticed Mennas
  8378 | D        | Noticed Nikola
  8387 | D        | Killed Mennas
  8387 | D        | Killed Nikola
  8388 | D        | Reached skill level 21 in Armour
  8388 | D        | Reached skill level 17 in Dodging
  8426 | D        | Reached *** piety under Jiyva
  8455 | D        | Got the ring "Cocsao" {rC+ rN+ MP-9 Int+5 Dex+3}
  8457 | D        | Got the ring of the Slashing Madman {rElec Will+}
  8459 | D        | Got the amulet of Giuna {Reflect *Corrode rPois rC+++ Str-2
                  | SH+5}
  8461 | D        | Got the ring "Hosmegacs" {Contam Will+ Int+6}
  8463 | D        | Got the ring "Fayvueh" {Wiz rElec Dex+4}
  8473 | D        | Found the +3 Mad Mage's Maulers {Infuse+∞ RegenMP Int-3}
  8539 | D        | Lost mutation: You are somewhat resistant to further
                  | mutation. [Jiyva's grace]
  8539 | D        | Lost mutation: You passively map a small area around you.
                  | [Jiyva's grace]
  8539 | D        | Gained mutation: You have a pair of small antennae on your
                  | head. [Jiyva's grace]
  8539 | D        | Gained mutation: You have a pair of antennae on your head.
                  | [Jiyva's grace]
  8539 | D        | Gained mutation: You have a pair of large antennae on your
                  | head. (SInv) [Jiyva's grace]
  8539 | D        | Gained mutation: You have a small jelly attached to you
                  | that senses nearby items. [Jiyva's grace]
  8543 | D        | Noticed Louise
  8550 | D        | Killed Louise
  8560 | D        | Reached **** piety under Jiyva
  8748 | D        | Noticed Aizul
  8759 | D        | Killed Aizul
  8801 | D        | Noticed a caustic shrike
  8808 | D        | Reached skill level 26 in Throwing
  8820 | D        | Killed a caustic shrike
  8821 | D        | Reached skill level 22 in Armour
  8947 | D        | Reached skill level 18 in Dodging
  8959 | D        | Reached skill level 27 in Throwing
  8997 | D        | Reached skill level 23 in Armour
  9052 | D        | Reached skill level 19 in Dodging
  9054 | D        | Reached skill level 24 in Armour
  9092 | D        | Noticed a golden dragon
  9092 | D        | Noticed a death cob
  9096 | D        | Reached XP level 18. HP: 210/236 MP: 5/18
  9100 | D        | Reached skill level 20 in Dodging
  9101 | D        | Killed a golden dragon
  9102 | D        | Reached skill level 25 in Armour
  9142 | D        | Noticed a quicksilver dragon
  9174 | D        | Killed a quicksilver dragon
  9175 | D        | Reached skill level 26 in Armour
  9178 | D        | Reached skill level 21 in Dodging
  9247 | D        | Reached ***** piety under Jiyva
  9319 | D        | Noticed an Orb Guardian
  9319 | D        | Noticed an Orb Guardian
  9319 | D        | Noticed an Orb Guardian
  9319 | D        | Noticed an Orb Guardian
  9319 | D        | Noticed an Orb Guardian
  9319 | D        | Noticed an Orb Guardian
  9325 | D        | Killed an Orb Guardian
  9327 | D        | Noticed an Orb Guardian
  9328 | D        | Killed an Orb Guardian
  9330 | D        | Killed an Orb Guardian
  9337 | D        | Killed an Orb Guardian
  9339 | D        | Killed an Orb Guardian
  9341 | D        | Killed an Orb Guardian
  9345 | D        | Killed an Orb Guardian
  9346 | D        | Reached skill level 27 in Armour
  9347 | D        | Noticed an Orb Guardian
  9348 | D        | Noticed an Orb Guardian
  9349 | D        | Noticed an Orb Guardian
  9351 | D        | Killed an Orb Guardian
  9352 | D        | Reached skill level 22 in Dodging
  9356 | D        | Killed an Orb Guardian
  9357 | D        | Killed an Orb Guardian
  9374 | D        | Noticed a golden dragon
  9374 | D        | Noticed an Orb Guardian
  9374 | D        | Noticed an Orb Guardian
  9377 | D        | Noticed an Orb Guardian
  9378 | D        | Reached skill level 23 in Dodging
  9381 | D        | Killed an Orb Guardian
  9381 | D        | Noticed an Orb Guardian
  9384 | D        | Killed an Orb Guardian
  9390 | D        | Reached skill level 24 in Dodging
  9393 | D        | Killed a golden dragon
  9401 | D        | Killed an Orb Guardian
  9413 | D        | Killed an Orb Guardian
  9414 | D        | Reached skill level 25 in Dodging
  9449 | D        | Noticed an ancient lich
  9456 | D        | Killed an ancient lich
  9459 | D        | Noticed an orb of fire
  9468 | D        | Killed an orb of fire
  9469 | D        | Reached skill level 26 in Dodging
  9491 | D        | Noticed an electric golem
  9502 | D        | Killed an electric golem
  9526 | D        | Noticed an Orb Guardian
  9526 | D        | Noticed a Killer Klown
  9526 | D        | Noticed an ancient lich
  9528 | D        | Killed an Orb Guardian
  9528 | D        | Noticed an Orb Guardian
  9529 | D        | Reached skill level 27 in Dodging
  9529 | D        | Reached skill level 2 in Stealth
  9529 | D        | Reached skill level 2 in Evocations
  9529 | D        | Noticed an orb of fire
  9533 | D        | Killed an ancient lich
  9534 | D        | Reached skill level 5 in Stealth
  9534 | D        | Reached skill level 5 in Evocations
  9534 | D        | Killed an Orb Guardian
  9535 | D        | Reached skill level 6 in Stealth
  9535 | D        | Reached skill level 6 in Evocations
  9535 | D        | Reached XP level 19. HP: 245/245 MP: 19/19
  9535 | D        | Killed a Killer Klown
  9536 | D        | Reached skill level 7 in Stealth
  9536 | D        | Reached skill level 7 in Evocations
  9539 | D        | Noticed an orb of fire
  9542 | D        | Gained mutation: Your magical capacity is low. (-10% MP)
                  | [an orb of fire]
  9543 | D        | Killed an orb of fire
  9544 | D        | Reached skill level 8 in Stealth
  9544 | D        | Reached skill level 8 in Evocations
  9546 | D        | Killed an orb of fire
  9547 | D        | Reached skill level 10 in Stealth
  9547 | D        | Reached skill level 10 in Evocations
  9552 | D        | Noticed an orb of fire
  9553 | D        | Noticed a Killer Klown
  9558 | D        | Killed an orb of fire
  9562 | D        | Killed a Killer Klown
  9563 | D        | Reached skill level 11 in Stealth
  9563 | D        | Reached skill level 11 in Evocations
  9564 | D        | Noticed an ancient lich
  9567 | D        | Killed an ancient lich
  9568 | D        | Reached skill level 12 in Stealth
  9568 | D        | Reached skill level 12 in Evocations
  9637 | D        | Reached skill level 13 in Stealth
  9637 | D        | Reached skill level 13 in Evocations
  9656 | D        | Reached skill level 14 in Stealth
  9656 | D        | Reached skill level 14 in Evocations
  9776 | D        | Reached skill level 15 in Stealth
  9776 | D        | Reached skill level 15 in Evocations
  9780 | D        | Lost mutation: You have a pair of large antennae on your
                  | head. (SInv) [Jiyva's grace]
  9780 | D        | Lost mutation: You have a small jelly attached to you that
                  | senses nearby items. [Jiyva's grace]
  9780 | D        | Gained mutation: Your system is resistant to poisons.
                  | (rPois) [Jiyva's grace]
  9780 | D        | Gained mutation: Your muscles are strong. (Str +2) [Jiyva's
                  | grace]
  9780 | D        | Gained mutation: Your muscles are very strong. (Str +4)
                  | [Jiyva's grace]
  9780 | D        | Gained mutation: Your melee attacks may engulf your foes in
                  | ooze. [Jiyva's grace]
  9916 | D        | Reached skill level 16 in Stealth
  9916 | D        | Reached skill level 16 in Evocations
  9935 | D        | Reached skill level 17 in Stealth
  9935 | D        | Reached skill level 17 in Evocations
 10034 | D        | Reached skill level 18 in Stealth
 10034 | D        | Reached skill level 18 in Evocations
 10035 | D        | Noticed a Brimstone Fiend
 10068 | D        | Reached skill level 19 in Stealth
 10068 | D        | Reached skill level 19 in Evocations
 10068 | D        | Reached XP level 20. HP: 177/256 MP: 18/18
 10070 | D        | Got an elven rune of Zot
 10124 | D        | Noticed the Royal Jelly
 10131 | D        | Got a slimy rune of Zot
 10186 | D        | Reached ****** piety under Jiyva
 10240 | D        | Paralysed by Trog for 4 turns
 10246 | D        | Reached skill level 20 in Stealth
 10246 | D        | Reached skill level 20 in Evocations
 10384 | D        | Reached skill level 21 in Stealth
 10384 | D        | Reached skill level 21 in Evocations
 10504 | D        | Noticed a royal mummy
 10504 | D        | Noticed a royal mummy
 10504 | D        | Noticed a royal mummy
 10508 | D        | Killed a royal mummy
 10508 | D        | Noticed a royal mummy
 10510 | D        | Killed a royal mummy
 10512 | D        | Killed a royal mummy
 10513 | D        | Reached skill level 22 in Stealth
 10513 | D        | Reached skill level 22 in Evocations
 10518 | D        | Killed a royal mummy
 10613 | D        | Got a golden rune of Zot
 10660 | D        | Reached skill level 23 in Stealth
 10660 | D        | Reached skill level 23 in Evocations
 10661 | D        | Got an abyssal rune of Zot
 10719 | D        | Lost mutation: Your magical capacity is low. (-10% MP)
                  | [Jiyva's grace]
 10719 | D        | Gained mutation: Your flesh is heat resistant. (rF+)
                  | [Jiyva's grace]
 10719 | D        | Gained mutation: Your flesh is very heat resistant. (rF++)
                  | [Jiyva's grace]
 10719 | D        | Gained mutation: Your flesh is almost immune to the effects
                  | of heat. (rF+++) [Jiyva's grace]
 10719 | D        | Gained mutation: You are partially covered in iridescent
                  | scales. (AC +2) [Jiyva's grace]
 10833 | D        | Noticed Geryon
 10843 | D        | Killed Geryon
 10846 | D        | Noticed Ereshkigal
 10846 | D        | Noticed Lom Lobon
 10846 | D        | Found the +4 staff of Dispater
 10846 | D        | Noticed Dispater
 10849 | D        | Noticed Gloorx Vloq
 10854 | D        | HP: 6/256 [Lom Lobon/great icy blast (30)]
 10862 | D        | Noticed Antaeus
 10863 | D        | Killed Gloorx Vloq
 10892 | D        | HP: 18/249 [??? (15)]
 10895 | D        | HP: 7/249 [Lom Lobon/vortex (4)]
 10896 | D        | Killed from afar by Antaeus

Vanquished Creatures
  Gloorx Vloq (D)
  3 ancient liches (D)
  Mennas (D)
  4 orbs of fire (D)
  4 royal mummies (D)
  2 Killer Klowns (D)
  Margery (D)
  A caustic shrike (D)
  Geryon (D)
  Xtahua (D)
  Saint Roka (D)
  Nikola (D)
  2 golden dragons (D)
  Jory (D)
  An electric golem (D)
  A tentacled monstrosity (D)
  28 Orb Guardians (D)
  A quicksilver dragon (D)
  3 liches (D)
  A deep elf master archer (D)
  3 deep elf blademasters (D)
  12 sphinxes (D)
  2 tentacled starspawn (D)
  3 death cobs (D)
  7 shadow dragons (D)
  Agnes (D)
  A tengu reaver (D)
  A draconian monk (D)
  2 fire giants (D)
  Ilsuiw (D)
  7 nagarajas (D)
  4 draconian knights (D)
  7 ghost moths (D)
  4 storm dragons (D)
  3 vault wardens (D)
  Louise (D)
  5 emperor scorpions (D)
  3 deep elf sorcerers (D)
  5 draconian scorchers (D)
  Aizul (D)
  A draconian annihilator (D)
  2 ironbound preservers (D)
  2 very ugly things (D)
  5 green draconians (D)
  2 deep elf demonologists (D)
  11 stone giants (D)
  An eleionoma (D)
  A dire elephant (D)
  A black draconian (D)
  3 deep elf annihilators (D)
  2 yellow draconians (D)
  2 spark wasps (D)
  9 vampire knights (D)
  3 purple draconians (D)
  3 bunyips (D)
  A white draconian (D)
  4 red draconians (D)
  3 mummy priests (D)
  3 deep elf death magi (D)
  6 merfolk javelineers (D)
  4 fire dragons (D)
  3 great orbs of eyes (D)
  3 ettins (D)
  A deep elf high priest (D)
  2 merfolk impalers (D)
  3 ice dragons (D)
  3 yaktaur captains (D)
  26 vault guards (D)
  A naga warrior (D)
  6 hydras (D)
  A spriggan air mage (D)
  2 anacondas (D)
  3 boulder beetles (D)
  A catoblepas (D)
  2 ironbound frosthearts (D)
  An ogre mage (D)
  3 merfolk aquamancers (D)
  2 deep troll shamans (D)
  An alligator (D)
  A hell hog (D)
  A merfolk avatar (D)
  A centaur warrior (D)
  A tengu warrior (D)
  A two-headed ogre (D)
  4 deep troll earth magi (D)
  2 spriggan berserkers (D)
  A thrashing horror (D)
  An orc high priest (D)
  4 hell knights (D)
  Sonja (D)
  Urug (D)
  A pharaoh ant (D)
  2 goliath frogs (D)
  9 deep trolls (D)
  2 naga ritualists (D)
  2 steelbarb worms (D)
  An orb spider (D)
  8 swamp dragons (D)
  A sea snake (D)
  A harpy (D)
  2 flayed ghosts (D)
  A deep elf pyromancer (D)
  4 ironbound convokers (D)
  3 orc knights (D)
  2 wizards (D)
  A wolf spider (D)
  2 phantasmal warriors (D)
  A necromancer (D)
  A cyclops (D)
  An orc sorcerer (D)
  2 ugly things (D)
  A manticore (D)
  7 moths of wrath (D)
  A will-o-the-wisp (D)
  A merfolk siren (D)
  3 vault sentinels (D)
  3 black mambas (D)
  A torpor snail (D)
  Joseph (D)
  A water nymph (D)
  3 guardian serpents (D)
  2 large abominations (D)
  A naga mage (D)
  A demonic crawler (D)
  4 cane toads (D)
  A freezing wraith (D)
  A rime drake (D)
  3 tengu conjurers (D)
  21 guardian mummies (D)
  An ancient zyme (D)
  A wandering mushroom (D)
  7 trolls (D)
  2 merfolk (D)
  2 tyrant leeches (D)
  A wind drake (D)
  A blink frog (shapeshifter) (D)
  2 blink frogs (D)
  A slime creature (D)
  11 spriggans (D)
  3 jumping spiders (D)
  4 yaks (D)
  A ynoxinul (D)
  A wraith (D)
  A wyvern (D)
  A water elemental (D)
  3 basilisks (D)
  A redback (D)
  2 vampire mosquitoes (D)
  2 nagas (D)
  2 acid dragons (D)
  An ice beast (D)
  2 water moccasins (D)
  2 swamp drakes (D)
  6 orc warriors (D)
  4 black bears (D)
  4 ogres (D)
  A boggart (D)
  2 kobold brigands (D)
  4 bullfrogs (D)
  3 scorpions (D)
  A howler monkey (D)
  4 orc priests (D)
  4 orc wizards (D)
  An adder (D)
  A white imp (D)
  An adder simulacrum (D)
  10 orcs (D)
  A bat zombie (D)
  2 endoplasms (D)
  A giant cockroach (D)
  A quokka (D)
  A rat (D)
  A ball lightning (D)
  A starspawn tentacle (D)
496 creatures vanquished.

Vanquished Creatures (collateral kills)
  A tengu reaver (D)
  An ironbound preserver (D)
  A very ugly thing (D)
  An ironbound thunderhulk (D)
  A dire elephant (D)
  An ettin (D)
  A great orb of eyes (D)
  A rakshasa (D)
  2 orc knights (D)
  2 orc warriors (D)
12 creatures vanquished.

Vanquished Creatures (others)
  A draconian knight (D)
  An entropy weaver (D)
  A wizard (D)
  A naga (D)
  13 jellies (D)
  3 ball lightnings (D)
  2 foxfires (D)
  3 starspawn tentacles (D)
25 creatures vanquished.

Grand Total: 533 creatures vanquished

Table legend: (Time is in decaauts) A = Elapsed time spent in this place. B = Non-inter-level travel time spent in this place. C = Inter-level travel time spent in this place. D = Time resting spent in this place. E = Time spent auto-exploring this place. F = Levels seen in this place. G = Mean time per level. A B C D E F G +--------+--------+--------+--------+--------+-----+--------+ Total | 10687 | 9417 | 1270 | 2935 | 3658 | 1 | 10687.0 | Dungeon | 10687 | 9417 | 1270 | 2935 | 3658 | 1 | 10687.0 | +--------+--------+--------+--------+--------+-----+--------+

Top non-repeatable levels by time:
       D: 10687 daAuts

Table legend:
 A = Non-vault XP
 B = Vault XP
 C = Vault XP percentage of total XP
 D = Non-vault monster count
 E = Vault monster count
 F = Vault count percentage of total count
                 A         B        C        D         E       F
            +---------+---------+-------+---------+---------+-------
      Total |       0 |  457845 | 100.0 |       0 |     492 | 100.0
            +---------+---------+-------+---------+---------+-------
          D |       0 |  457845 | 100.0 |       0 |     492 | 100.0
            +---------+---------+-------+---------+---------+-------
